 Dungeon Crawl Stone Soup version 0.24-a0-341-g52ca42d3ec (webtiles) character file.

Game seed: 6027152865163471532

179 mhoghedin the Magician (level 5, -2/35 HPs)
             Began as a Mummy Wizard on May 20, 2019.
             Was an Initiate of Kikubaaqudgha.
             Slain by an orc
             ... wielding a +0 falchion
              (6 damage)
             ... on level 3 of the Dungeon.
             The game lasted 00:05:12 (3272 turns).

mhoghedin the Magician (Mummy Wizard)               Turns: 3272, Time: 00:05:12

Health: -2/35      AC:  3    Str: 10    XL:     5   Next: 32%
Magic:  8/14       EV: 12    Int: 18    God:    Kikubaaqudgha [......]
Gold:   129        SH:  0    Dex: 11    Spells: 4/17 levels left

rFire    x . .     SeeInvis .   e - +2 dagger (drain)
rCold    + . .     Gourm    .   (no shield)
rNeg     + + +     Faith    .   a - +0 robe
rPois    ∞         Spirit   .   h - +0 helmet
rElec    .         Reflect  .   (no cloak)
rCorr    .         Harm     .   (no gloves)
MR       .....                  (no boots)
Stlth    ++........             (no amulet)
HPRegen  0.11/turn              (no ring)
MPRegen  0.14/turn              (no ring)

@: very slightly contaminated
A: no food or potions, fire vulnerability, cold resistance 1, negative energy
resistance 3, torment resistance, unbreathing
a: Renounce Religion


You were on level 3 of the Dungeon.
You worshipped Kikubaaqudgha.
Kikubaaqudgha was noncommittal.
You were not hungry.

You visited 1 branch of the dungeon, and saw 3 of its levels.

You collected 129 gold pieces.

Inventory:

Hand Weapons
 e - a +2 dagger of draining (weapon)
   (You found it on level 1 of the Dungeon)
Armour
 a - a +0 robe (worn)
 h - a +0 helmet (worn)
   (You found it on level 1 of the Dungeon)
 k - a +0 cloak
   (You found it on level 2 of the Dungeon)
Scrolls
 b - a scroll of immolation {unknown}
 c - 2 scrolls of identify {unknown}
 d - a scroll of teleportation {unknown}
 f - a scroll of fear {unknown}
 g - a scroll of random uselessness {unknown}
 i - a scroll of fog {unknown}
 j - 2 scrolls of amnesia {unknown}


   Skills:
 - Level 1.5 Dodging
 - Level 1.5 Stealth
 + Level 6.8 Spellcasting
 - Level 1.2 Conjurations
 - Level 1.8 Summonings
 - Level 0.7 Translocations


You had 4 spell levels left.
You knew the following spells:

 Your Spells              Type           Power        Failure   Level  Hunger
a - Magic Dart            Conj           ##..         7%          1    N/A
b - Blink                 Tloc           N/A          12%         2    N/A
c - Call Imp              Summ           ##......     8%          2    N/A
d - Conjure Flame         Conj/Fire      #.......     26%         3    N/A
s - Slow                  Hex            #.......     17%         2    N/A
x - Mephitic Cloud        Conj/Pois/Air  #.......     28%         3    N/A

Your spell library contained the following spells:

 Spells                   Type           Power        Failure   Level  Hunger


Dungeon Overview and Level Annotations

Branches:
Dungeon (3/15)

Altars:
Kikubaaqudgha


Innate Abilities, Weirdness & Mutations

You do not eat or drink.
Your flesh is vulnerable to fire.
You are immune to poison.
Your flesh is cold resistant. (rC+)
You are immune to negative energy. (rN+++)
You are immune to unholy pain and torment.
You can survive without breathing.


Message History

The orc barely misses you.
You closely miss the adder. The adder barely misses you.
The orc hits you with a +0 club.
You take 6 damage, and have 14/30 hp.
You are too injured to fight recklessly!
You are too injured to fight recklessly!
You hit the adder. The adder bites you but does no damage.
The adder barely misses you.
You barely miss the adder. The orc hits you but does no damage.
The adder closely misses you.
You miss the adder. The orc hits you but does no damage.
The adder barely misses you.
You closely miss the adder. The adder bites you but does no damage.
The orc barely misses you. The adder bites you but does no damage.
You hit the adder.
You kill the adder!
Kikubaaqudgha accepts your kill.
You have reached level 5!
You feel agile. The orc closely misses you.
You regained 2 hp, and now have 17/35 hp.
MP restored: 13 You hit the orc.
You drain the orc. The orc hits you with a +0 club.
You take 4 damage, and have 13/35 hp.
You closely miss the orc. The orc closely misses you.
You barely miss the orc. The orc hits you with a +0 club.
You take 1 damage, and have 13/35 hp.
You hit the orc.
You kill the orc!
Kikubaaqudgha accepts your kill.
You start resting.
Health restored: 35 You climb downwards.
The orc misses you.
There is a stone staircase leading up here.
You hit the orc. You drain the orc.
You kill the orc!
Kikubaaqudgha accepts your kill.
A dart slug comes into view.
The orc shouts!
You hit the worm. You barely miss the worm. The worm barely misses you.
You hit the worm. You drain the worm. You hit the worm. You drain the worm.
You kill the worm!
Kikubaaqudgha accepts your kill.
The orc shouts!
The orc throws a boomerang.
The boomerang closely misses you.
The weapon returns to the orc!
There is a stone staircase leading up here.
Aim: an orc priest You miscast Mephitic Cloud.
You are very lightly contaminated with residual magic.
You feel electric!
The orc throws a boomerang.
The boomerang hits you.
The weapon returns to the orc!
You take 3 damage, and have 32/35 hp.
You now have 10/14 mp.
Aim: an orc priest The ball explodes into a vile cloud!
The stinking cloud engulfs the orc priest but does no damage.
You hear a shout! x2
The orc throws a boomerang.
The boomerang hits you.
The weapon returns to the orc!
The dart slug launches a dart at you. The slug dart hits you.
The orc priest is engulfed in noxious fumes.
The orc priest appears confused.
The orc priest chortles and stares into space.
You take 4 damage, and have 28/35 hp.
You now have 7/14 mp.
The orc throws a boomerang.
The boomerang closely misses you.
The weapon returns to the orc!
The orc priest is engulfed in noxious fumes.
The orc priest appears confused.
The dart slug launches a dart at you. The slug dart misses you.
The orc priest is engulfed in noxious fumes.
The orc priest appears confused.
The orc priest hits you but does no damage.
You hit the orc priest. You hit the orc priest. You drain the orc priest.
The orc priest closely misses you. The orc hits you with a +0 falchion.
You take 6 damage, and have 22/35 hp.
You barely miss the orc priest.
The orc throws a boomerang.
The boomerang barely misses you.
The weapon returns to the orc!
The orc priest hits the orc.
The orc hits you with a +0 falchion.
You take 4 damage, and have 18/35 hp.
You are too injured to fight recklessly!
You hit the orc priest.
You kill the orc priest!
Kikubaaqudgha accepts your kill.
The orc throws a boomerang.
The boomerang hits you.
The weapon returns to the orc!
You take 4 damage, and have 14/35 hp.
The dart slug bites you. The orc hits you with a +0 falchion!
* * * LOW HITPOINT WARNING * * *
The dart slug barely misses you.
There is a stone staircase leading up here.
You take 10 damage, and have 4/35 hp.
MASSIVE DAMAGE!!
The orc hits you with a +0 falchion.
You die...
Kikubaaqudgha rasps: "You have failed me!
Welcome... oblivion!"

#. .>..#####.### # ..
........#o..# .. #.
#.#.###.###o# ...
#.##.#........o#
....#..#.#...#....##
.......#.#†...###.#
......†#......# #o#
.........oo.#.# #o#
#......w@.....###.####
#.#......).......5...#
....#.......#####.#.##
#.# #....##.# #....# #
#.#.....# ######
#.#.....# #.#.....#
#.....# ##....#


You could see a dart slug and 2 orcs.

Vanquished Creatures
  An orc priest (D:3)
  A gnoll (D:2)
  3 adders (D:2)
  2 oozes (D:2)
  3 worms
  A dart slug (D:2)
  A leopard gecko (D:1)
  2 orcs
  3 bat zombies (D:2)
  5 giant cockroaches
  5 goblins
  5 hobgoblins
  5 jackals (D:2)
  2 quokkas (D:2)
  6 bats
  4 kobolds
  8 rats
  A rat zombie (D:2)
58 creatures vanquished.

Vanquished Creatures (collateral kills)
  An orc priest (D:3)
  2 gnolls (D:2)
  An adder (D:2)
  A dart slug (D:2)
  A kobold (D:2)
6 creatures vanquished.

Vanquished Creatures (others)
  A plant (D:2)
1 creature vanquished.

Grand Total: 65 creatures vanquished

Notes
Turn   | Place    | Note
-------+----------+-------------------------------------------
     0 | D:1      | mhoghedin the Mummy Wizard began the quest for the Orb.
     0 | D:1      | Reached XP level 1. HP: 13/13 MP: 5/5
   358 | D:1      | Reached skill level 1 in Conjurations
   645 | D:1      | Reached XP level 2. HP: 15/19 MP: 0/7
   673 | D:1      | Learned a level 2 spell: Blink
   676 | D:1      | Learned a level 2 spell: Call Imp
   679 | D:1      | Learned a level 2 spell: Slow
   831 | D:1      | Reached skill level 1 in Summonings
  1224 | D:2      | Reached XP level 3. HP: 23/24 MP: 9/9
  1373 | D:2      | Reached skill level 5 in Spellcasting
  1660 | D:2      | Reached XP level 4. HP: 24/30 MP: 8/11
  2073 | D:3      | HP: 3/30 [orc priest/divine providence (14)]
  2325 | D:3      | Learned a level 3 spell: Conjure Flame
  2329 | D:3      | Learned a level 3 spell: Mephitic Cloud
  2436 | D:2      | Reached skill level 6 in Spellcasting
  2847 | D:2      | Found an ancient bone altar of Kikubaaqudgha.
  2996 | D:2      | Became a worshipper of Kikubaaqudgha
  3050 | D:2      | Reached XP level 5. HP: 17/35 MP: 13/13
  3270 | D:3      | HP: 4/35 [orc/+0 falchion (8)]
  3272 | D:3      | Slain by an orc

Levels and vault maps discovered:
D:1:      psy_arrival_fountain, layout_basic
D:2:      minmay_alternating_diamond, layout_basic,
          lemuel_zombie_altar_kikubaaqudgha, serial_forest,
          infiniplex_forest_clump_medium, infiniplex_forest_clump_curved,
          infiniplex_forest_clump_medium, infiniplex_forest_lined_corner,
          infiniplex_forest_lined_ring, infiniplex_forest_clump_long,
          infiniplex_forest_lined_3, infiniplex_forest_clump_tiny,
          infiniplex_forest_clump_small, infiniplex_forest_clump_small
D:3:      layout_basic, first_ration

Skill      XL: |  1  2  3  4 |
---------------+-------------+-----
Conjurations   | 1 |  1.2
Summonings     | 1 |  1.8
Spellcasting   | 5 6 |  6.8
Dodging        | |  1.5
Stealth        | |  1.5
Translocations | |  0.7

Action                   |  1- 3 |  4- 6 || total
-------------------------+-------+-------++-------
Melee: Unarmed           |    26 |       ||    26
       Dagger            |    70 |    76 ||   146
 Cast: Magic Dart        |    33 |    12 ||    45
       Call Imp          |     1 |    10 ||    11
       Mephitic Cloud    |       |     2 ||     2
 Stab: Sleeping          |     2 |       ||     2
       Confused          |       |     1 ||     1
Armor: Robe              |    40 |    19 ||    59
Dodge: Dodged            |    83 |    67 ||   150

Table legend:
 A = Non-vault XP
 B = Vault XP
 C = Vault XP percentage of total XP
 D = Non-vault monster count
 E = Vault monster count
 F = Vault count percentage of total count
                 A         B        C        D         E       F
            +---------+---------+-------+---------+---------+-------
      Total |     235 |      21 |   8.2 |      54 |      10 |  15.6
            +---------+---------+-------+---------+---------+-------
        D:1 |      33 |       0 |   0.0 |      19 |       0 |   0.0
        D:2 |     126 |      21 |  14.3 |      29 |      10 |  25.6
        D:3 |      76 |       0 |   0.0 |       6 |       0 |   0.0
            +---------+---------+-------+---------+---------+-------

Levels and vault maps discovered:
D:1:      psy_arrival_fountain, layout_basic
D:2:      minmay_alternating_diamond, layout_basic,
          lemuel_zombie_altar_kikubaaqudgha, serial_forest,
          infiniplex_forest_clump_medium, infiniplex_forest_clump_curved,
          infiniplex_forest_clump_medium, infiniplex_forest_lined_corner,
          infiniplex_forest_lined_ring, infiniplex_forest_clump_long,
          infiniplex_forest_lined_3, infiniplex_forest_clump_tiny,
          infiniplex_forest_clump_small, infiniplex_forest_clump_small
D:3:      layout_basic, first_ration

Table legend:
 A = Turns spent in this place as a percentage of turns spent in the entire game.
 B = Non-inter-level travel turns spent in this place as a percentage of non-inter-level travel turns spent in the entire game.
 C = Inter-level travel turns spent in this place as a percentage of turns spent in this place.
 D = Turns resting spent in this place as a percentage of non-inter-level travel turns spent in this place.
 E = Turns spent auto-exploring this place as a percentage of non-inter-level travel turns spent in this place.
 F = Non-inter-level travel turns spent in this place divided by the number of levels of this place that you've seen.
                   A       B       C       D       E      F
               +-------+-------+-------+-------+-------+----------------------
         Total | 100.0 | 100.0 |   1.9 |  44.9 |  35.6 | 1069.7
       Dungeon | 100.0 | 100.0 |   1.9 |  44.9 |  35.6 | 1069.7
               +-------+-------+-------+-------+-------+----------------------

Table legend:
 A = Kills in this place as a percentage of kills in entire the game.
 B = Kills by you in this place as a percentage of kills by you in the entire game.
 C = Kills by friends in this place as a percentage of kills by friends in the entire game.
 D = Other kills in this place as a percentage of other kills in the entire game.
 E = Experience gained in this place as a percentage of experience gained in the entire game.
 F = Experience gained in this place divided by the number of levels of this place that you have seen.
                   A       B       C       D       E      F
               +-------+-------+-------+-------+-------+----------------------
         Total | 100.0 | 100.0 | 100.0 |   N/A | 100.0 |  85.3
       Dungeon | 100.0 | 100.0 | 100.0 |   N/A | 100.0 |  85.3
               +-------+-------+-------+-------+-------+----------------------
